 Dungeon Crawl Stone Soup version 0.31.0-32-g396128a36d (webtiles) character file.

Game seed: 7389646727752283576

22936 Silvore the Bludgeoner (level 12, 0/110 HPs)
             Began as a Minotaur Fighter on Apr 9, 2024.
             Was a Priest of the Shining One.
             Constricted to death by Jorgrun (6 damage)
             ... on level 14 of the Dungeon.
             The game lasted 00:11:45 (12630 turns).

Silvore the Bludgeoner (Minotaur Fighter)          Turns: 12630, Time: 00:11:46

Health: 0/110      AC: 28    Str: 26    XL:     12   Next: 67%
Magic:  11/11      EV:  5    Int:  5    God:    the Shining One [***...]
Gold:   871        SH: 13    Dex: 10    Spells: 11/11 levels left

rFire   . . .        r - +0 morningstar (protect)
rCold   . . .        c - +2 buckler
rNeg    + + .        x - +0 plate armour
rPois   .            (helmet restricted)
rElec   .            (no cloak)
rCorr   .            (no gloves)
SInv    .            y - +0 pair of boots
Will    .....        l - amulet of reflection Stlth
                     k - +4 ring of protection
HPRegen 0.38/turn    e - ring of positive energy
MPRegen 0.12/turn

%: reflection
@: grasped by roots, under a protective aura, glowing, constricted, studying
Invocations
A: horns 2, retaliatory headbutt
a: Renounce Religion, Divine Shield, Cleansing Flame


You were on level 14 of the Dungeon.
You worshipped the Shining One.
The Shining One was most pleased with you.
You visited 1 branch of the dungeon, and saw 14 of its levels.
You also visited: Ossuary.

You collected 971 gold pieces.
You spent 100 gold pieces at shops.

Inventory:

Hand Weapons
 a - a +1 flail of protection
 r - a +0 morningstar of protection (weapon)
Missiles
 C - 2 throwing nets (quivered)
Armour
 c - a +2 buckler (worn)
 x - a +0 plate armour (worn)
 y - a +0 pair of boots (worn)
Jewellery
 e - a ring of positive energy (right hand)
 k - a +4 ring of protection (left hand)
 l - an amulet of reflection (around neck)
 D - a +5 ring of evasion
Wands
 d - a wand of paralysis (5)
 m - a wand of flame (20)
 A - a wand of mindburst (5)
 E - a wand of polymorph (6)
Scrolls
 b - 3 scrolls of identify
 f - 4 scrolls of teleportation
 s - a scroll of vulnerability
 u - 2 scrolls of fear
 z - 2 scrolls of amnesia
 G - a scroll of brand weapon
Potions
 g - 2 potions of attraction
 h - 5 potions of degeneration
 i - 2 potions of invisibility
 j - 4 potions of ambrosia
 n - 2 potions of haste
 p - 2 potions of enlightenment
 q - 5 potions of curing
 t - 2 potions of magic
 v - a potion of mutation
 B - a potion of resistance
 F - a potion of cancellation


   Skills:
 + Level 11.3 Fighting
 + Level 15.9 Maces & Flails
 + Level 12.4 Armour
 + Level 3.5 Dodging
 + Level 1.9 Stealth
 + Level 11.8 Shields
 + Level 0.3 Invocations


You had 11 spell levels left.
You didn't know any spells.
Your spell library contained the following spells:

 Spells                   Type           Power      Damage    Failure   Level
 Foxfire                  Conj/Fire      0%         2x1d4     99%         1
 Sandblast                Erth           0%         2d4       99%         1
 Call Imp                 Summ           0%         N/A       100%        2
 Static Discharge         Conj/Air       0%         3-3/arc   100%        2
 Gell's Gravitas          Tloc           0%         N/A       100%        3
 Passwall                 Erth           0%         N/A       100%        3
 Stone Arrow              Conj/Erth      0%         3d7       100%        3
 Teleport Other           Tloc           0%         N/A       100%        3
 Airstrike                Air            0%         2d(0-16)  100%        4
 Anguish                  Hex/Necr       0%         N/A       100%        4
 Brom's Barrelling Bould  Conj/Erth      0%         2d3       100%        4
 Cause Fear               Hex            0%         N/A       100%        4
 Ignite Poison            Fire/Alch      0%         N/A       100%        4
 Passage of Golubria      Tloc           0%         N/A       100%        4
 Sticky Flame             Fire/Alch      0%         2d4       100%        4
 Summon Blazeheart Golem  Fire/Summ      0%         N/A       100%        4
 Summon Lightning Spire   Summ/Air       0%         N/A       100%        4
 Conjure Ball Lightning   Conj/Air       0%         3x3d6     100%        6
 Dispersal                Tloc           0%         N/A       100%        6
 Plasma Beam              Fire/Air       0%         2x1d10    100%        6
 Starburst                Conj/Fire      0%         6d3       100%        6
 Enfeeble                 Hex            0%         N/A       100%        7
 Monstrous Menagerie      Summ           0%         N/A       100%        7
 Orb of Destruction       Conj           0%         9d5       100%        7
 Ignition                 Fire           0%         3d3       100%        8


Dungeon Overview and Level Annotations

Branches:
Dungeon (14/15)            Temple (0/1) D:7            Lair (0/5) D:11
    Orc (0/2) D:11         Vaults (0/5) D:13        Ossuary (visited)

Altars:
Cheibriados
Gozag
Hepliaklqana
Trog
Vehumet
Xom
Yredelemnul
The Shining One

Shops:
D:4 *   D:5 [   D:10 ([*?!

Annotations:
D:14 Jorgrun


Innate Abilities, Weirdness & Mutations

You have a pair of horns on your head.
You reflexively headbutt those who attack you in melee.


Message History

* * * LOW HITPOINT WARNING * * *
Unknown command.
You feel much better.
You impale Jorgrun!! You headbutt Jorgrun!
Jorgrun is heavily wounded.
Jorgrun casts a spell at you. The iron shot hits you!
* * * LOW HITPOINT WARNING * * *
The grasping roots constrict you.
* * * LOW HITPOINT WARNING * * *
You feel much better. You block Jorgrun's attack.
The grasping roots constrict you.
You closely miss Jorgrun. You headbutt Jorgrun.
Jorgrun is heavily wounded.
You hit Jorgrun. You headbutt Jorgrun!
Jorgrun is severely wounded.
You block Jorgrun's attack. The grasping roots constrict you.
* * * LOW HITPOINT WARNING * * *
You closely miss Jorgrun. Your headbutt misses Jorgrun.
Jorgrun is severely wounded.
You barely miss Jorgrun. You headbutt Jorgrun.
Jorgrun is severely wounded.
Jorgrun hits you with a +0 heavy quarterstaff!
* * * LOW HITPOINT WARNING * * *
The grasping roots constrict you.
You hit Jorgrun.
Jorgrun is severely wounded.
You hit Jorgrun. You headbutt Jorgrun.
Jorgrun is severely wounded.
Jorgrun hits you with a +0 heavy quarterstaff.
* * * LOW HITPOINT WARNING * * *
The grasping roots constrict you.
You closely miss Jorgrun.
Jorgrun is severely wounded.
You completely miss Jorgrun. Your headbutt misses Jorgrun.
Jorgrun is severely wounded.
Jorgrun hits you with a +0 heavy quarterstaff.
* * * LOW HITPOINT WARNING * * *
The grasping roots constrict you.
You die...

.# .#
###.###
#.....#
#.>...#
#<....#
#.....#
#.....#
#.@...#
#.g...#
#.....#
......#
########


You could see Jorgrun.

Vanquished Creatures
  Snorg (D:12)
  8 vault guards (D:13)
  4 centaur warriors (D:13)
  3 two-headed ogres
  A tengu warrior (D:13)
  Pikel (D:4)
  4 cyclopes
  2 manticores (D:11)
  3 ugly things (D:13)
  Joseph (D:10)
  An unseen horror (D:11)
  Maggie (D:6)
  3 trolls
  Prince Ribbit (D:7)
  A shadow (D:12)
  4 wraiths
  3 vampires
  2 basilisks (D:11)
  3 wyverns
  7 yaks
  A steam dragon (D:6)
  An acid dragon (D:12)
  Duvessa (D:6)
  An orc warrior (D:10)
  An ice beast (D:8)
  A black bear (D:11)
  5 centaurs
  3 kobold brigands
  A gnoll sergeant (D:12)
  A weeping skull (Ossuary)
  2 elf zombies (Ossuary)
  6 scorpions
  3 bullfrogs (D:8)
  12 wights
  Dowan (D:6)
  2 burial acolytes (Ossuary)
  9 killer bees (D:9)
  3 howler monkeys (D:11)
  2 bombardier beetles (D:5)
  A centaur zombie (Ossuary)
  A quasit (D:5)
  A human zombie (Ossuary)
  4 hounds
  A jelly (D:5)
  A gnoll bouda (D:8)
  3 orc priests
  Jessica (D:3)
  An iguana (D:6)
  Ijyb (D:3)
  A sleepcap (D:5)
  8 orc wizards
  4 hound zombies (Ossuary)
  3 mummies
  Robin (D:4)
  13 gnolls
  7 adders
  A white imp (D:5)
  2 ufetubi (D:5)
  3 dart slugs
  A ribbon worm (D:2)
  19 orcs
  5 ball pythons
  5 bats
  5 endoplasms
  A giant cockroach (D:3)
  9 hobgoblins
  21 kobolds
  3 quokkas
  A frilled lizard (D:1)
  4 gnoll zombies (Ossuary)
  19 goblins
  A goblin skeleton (D:5)
  3 hobgoblin zombies (D:5)
  A kobold skeleton (D:5)
  3 orc skeletons (D:5)
  2 orc zombies
  6 rats
277 creatures vanquished.

Notes
Turn   | Place    | Note
-------+----------+-------------------------------------------
     0 | D:1      | Silvore the Minotaur Fighter began the quest for the Orb.
     0 | D:1      | Reached XP level 1. HP: 19/19 MP: 0/0
   131 | D:1      | Reached XP level 2. HP: 16/27 MP: 1/1
   579 | D:2      | Reached XP level 3. HP: 32/33 MP: 2/2
   650 | D:2      | Reached skill level 3 in Maces & Flails
   689 | D:2      | Found a faded altar of an unknown god.
  1347 | D:3      | Reached XP level 4. HP: 40/40 MP: 3/3
  1347 | D:3      | Noticed a scorpion
  1364 | D:3      | Killed a scorpion
  1368 | D:3      | Reached XP level 5. HP: 19/47 MP: 4/4
  1427 | D:3      | Reached skill level 4 in Maces & Flails
  1427 | D:3      | Reached skill level 1 in Dodging
  1640 | D:3      | Noticed Ijyb
  1649 | D:3      | Killed Ijyb
  1650 | D:3      | Reached skill level 5 in Armour
  1833 | D:3      | Noticed Jessica
  1842 | D:3      | Killed Jessica
  2275 | D:4      | Noticed a lemure
  2282 | D:4      | Noticed a lemure
  2290 | D:4      | Noticed Pikel
  2291 | D:4      | Noticed a lemure
  2291 | D:4      | Noticed Robin
  2308 | D:4      | Found a sand-covered staircase.
  2314 | D:4      | Reached XP level 6. HP: 35/53 MP: 5/5
  2317 | Ossuary  | Entered an ossuary
  2439 | Ossuary  | Reached skill level 5 in Maces & Flails
  2572 | Ossuary  | Reached skill level 5 in Fighting
  2601 | Ossuary  | Reached XP level 7. HP: 57/61 MP: 6/6
  2780 | Ossuary  | Reached skill level 6 in Maces & Flails
  2780 | Ossuary  | Reached skill level 5 in Shields
  2835 | D:4      | Killed Pikel
  2836 | D:4      | Reached skill level 7 in Maces & Flails
  2836 | D:4      | Reached XP level 8. HP: 19/70 MP: 7/7
  2899 | D:4      | Killed Robin
  3200 | D:4      | Found Filataen's Assorted Antiques.
  3467 | D:5      | Entered Level 5 of the Dungeon
  3507 | D:5      | Found a glowing golden altar of the Shining One.
  3525 | D:5      | Became a worshipper of the Shining One
  3743 | D:5      | Found Orhalus's Armour Shoppe.
  3886 | D:5      | Identified the +0 chain mail of the Moon {Will+}
  3936 | D:5      | Reached skill level 8 in Maces & Flails
  4685 | D:5      | Found a basalt altar of Yredelemnul.
  4698 | D:6      | Identified the +0 chain mail "Lain" {Fly rElec Dex-2}
  4788 | D:6      | Found a hazy altar of Hepliaklqana.
  4873 | D:6      | Noticed Dowan
  4874 | D:6      | Noticed Duvessa
  4884 | D:6      | Killed Duvessa
  4885 | D:6      | Reached XP level 9. HP: 75/78 MP: 8/8
  4889 | D:6      | Killed Dowan
  4890 | D:6      | Reached skill level 1 in Stealth
  5019 | D:6      | Reached * piety under the Shining One
  5303 | D:6      | Reached skill level 9 in Maces & Flails
  5559 | D:6      | Noticed Maggie
  5565 | D:6      | Killed Maggie
  5755 | D:7      | Found a staircase to the Ecumenical Temple.
  5938 | D:7      | Reached skill level 10 in Maces & Flails
  6090 | D:7      | Noticed Prince Ribbit
  6104 | D:7      | Killed Prince Ribbit
  6252 | D:7      | Found a snail-covered altar of Cheibriados.
  6520 | D:8      | Reached XP level 10. HP: 88/88 MP: 9/9
  6527 | D:8      | Reached skill level 11 in Maces & Flails
  6678 | D:8      | Found an opulent altar of Gozag.
  7514 | D:9      | Reached ** piety under the Shining One
  7743 | D:9      | Noticed a two-headed ogre
  7751 | D:9      | Killed a two-headed ogre
  7752 | D:9      | Reached skill level 12 in Maces & Flails
  8436 | D:9      | Found a bloodstained altar of Trog.
  8436 | D:9      | Found a radiant altar of Vehumet.
  8577 | D:10     | Entered Level 10 of the Dungeon
  8631 | D:10     | Found Qutetoup's Armour Boutique.
  8677 | D:10     | Found Ycsoniw's Distillery.
  8703 | D:10     | Found Saibisel's Weapon Shoppe.
  8779 | D:10     | Reached skill level 10 in Armour
  8819 | D:10     | Found Wuptiar's General Store.
  8840 | D:10     | Noticed a two-headed ogre
  8844 | D:10     | Noticed Joseph
  8848 | D:10     | Killed a two-headed ogre
  8868 | D:10     | Killed Joseph
  8869 | D:10     | Reached XP level 11. HP: 75/97 MP: 10/10
  8876 | D:10     | Found Lewkeheo's Magic Scroll Shop.
  8935 | D:10     | Bought a scroll of identify for 20 gold pieces
  8935 | D:10     | Bought a scroll of identify for 20 gold pieces
  8935 | D:10     | Bought a scroll of identify for 20 gold pieces
  8935 | D:10     | Bought a scroll of identify for 20 gold pieces
  8935 | D:10     | Bought a scroll of identify for 20 gold pieces
  9164 | D:11     | Got Sif Muna's Grimoire of Twinkling Concussion
  9306 | D:11     | Found a staircase to the Orcish Mines.
  9342 | D:11     | Noticed a two-headed ogre
  9354 | D:11     | Killed a two-headed ogre
  9355 | D:11     | Reached skill level 13 in Maces & Flails
  9790 | D:11     | Found a staircase to the Lair.
 10475 | D:12     | Noticed Snorg
 10487 | D:12     | Killed Snorg
 10565 | D:12     | Got the Compendium of the Unstable Entourage
 10579 | D:12     | Reached *** piety under the Shining One
 10580 | D:12     | Reached skill level 10 in Shields
 10602 | D:12     | Reached skill level 14 in Maces & Flails
 10618 | D:12     | Reached skill level 10 in Fighting
 10914 | D:12     | Found a bloodstained altar of Trog.
 11156 | D:13     | Noticed a cyan ugly thing
 11160 | D:13     | Killed a cyan ugly thing
 11223 | D:13     | Noticed a purple ugly thing
 11229 | D:13     | Killed a purple ugly thing
 11242 | D:13     | Noticed a purple ugly thing
 11244 | D:13     | Noticed a tengu warrior
 11254 | D:13     | Killed a purple ugly thing
 11276 | D:13     | Killed a tengu warrior
 11468 | D:13     | Noticed a centaur warrior
 11475 | D:13     | Killed a centaur warrior
 11476 | D:13     | Reached XP level 12. HP: 92/107 MP: 11/11
 11563 | D:13     | Noticed a centaur warrior
 11580 | D:13     | Killed a centaur warrior
 11740 | D:13     | Noticed a vault guard
 11740 | D:13     | Noticed a vault guard
 11740 | D:13     | Noticed a vault guard
 11741 | D:13     | Found a gate to the Vaults.
 11741 | D:13     | Noticed a vault guard
 11741 | D:13     | Noticed a vault guard
 11741 | D:13     | Noticed a vault guard
 11741 | D:13     | Noticed a vault guard
 11760 | D:13     | Killed a vault guard
 11765 | D:13     | Killed a vault guard
 11772 | D:13     | Killed a vault guard
 11773 | D:13     | Reached skill level 15 in Maces & Flails
 11778 | D:13     | Killed a vault guard
 11788 | D:13     | Killed a vault guard
 11794 | D:13     | Killed a vault guard
 11802 | D:13     | Killed a vault guard
 12004 | D:13     | Noticed a centaur warrior
 12005 | D:13     | Noticed a centaur warrior
 12012 | D:13     | Killed a centaur warrior
 12017 | D:13     | Killed a centaur warrior
 12106 | D:13     | Found a shimmering altar of Xom.
 12106 | D:13     | Found a shimmering altar of Xom.
 12106 | D:13     | Found a shimmering altar of Xom.
 12106 | D:13     | Found a shimmering altar of Xom.
 12106 | D:13     | Noticed a tengu warrior
 12107 | D:13     | Found a shimmering altar of Xom.
 12345 | D:13     | Noticed a vault guard
 12358 | D:13     | Killed a vault guard
 12611 | D:14     | Noticed Jorgrun
 12630 | D:14     | Constricted to death by Jorgrun

Illustrated notes

Levels and vault maps discovered:
D:1:      minmay_arrival_four_loops, layout_rooms, kennysheep_decorative_pillar,
          nicolae_titane
D:2:      layout_basic, chequers_ecumenical_altar_island
D:3:      layout_loops_ring, chequers_big_river, uniq_crazy_yiuf_cottage,
          uniq_jessica, uniq_ijyb
D:4:      layout_rooms, gup_ossuary_entry_pyramid, serial_shops, shop,
          uniq_robin, uniq_pikel
D:5:      layout_cave_pods, nicolae_tso_besieged_by_evil,
          mainiacjoe_overflow_alcove_2, serial_shops, nicolae_shop_behind_doors,
          dreamdust_gnoll_farm
D:6:      layout_basic, mainiacjoe_overflow_surrounded_room, uniq_duvessa,
          uniq_maggie
D:7:      layout_basic, cheibriados_altar_2, minmay_temple_entry_butterflies,
          minmay_misc_feat_more_columns, uniq_prince_ribbit1
D:8:      layout_loops_corners, nicolae_gozag_cash_rules_everything_around_me
D:9:      layout_basic, gammafunk_temple_overflow_pools
D:10:     layout_cave_pools, serial_shops, shop, shop, nicolae_shop_crystal,
          shop_statue, shop_fountains, uniq_joseph
D:11:     layout_cave_pods, david_lair_generic, orc_0_dummy
D:12:     layout_cross, dreamdust_princess_corridor, bloody_trog, uniq_snorg
D:13:     layout_loops_corners, erik_vaults_2, xom_shifter_show
D:14:     gammafunk_boulding_lane, layout_rooms, fedhas_altar_4,
          gauntlet_entry_generic, hellmonk_scale_shop, uniq_jorgrun

Skill      XL: |  1  2  3  4  5  6  7  8  9 10 11 12 |
---------------+-------------------------------------+-----
Armour         | 4 5 6 8 9 10 11 12 | 12.4
Fighting       | 4 5 6 8 9 10 11 | 11.3
Shields        | 4 5 6 8 9 10 11 | 11.8
Maces & Flails | 3 4 5 7 8 10 12 14 15 | 15.9
Dodging        | 1 2 3 |  3.5
Stealth        | 1 |  1.9
Invocations    | |  0.3

Action                     |  1- 3 |  4- 6 |  7- 9 | 10-12 || total
---------------------------+-------+-------+-------+-------++-------
  Melee: Flail             |    79 |    86 |   131 |       ||   296
         Headbutt          |     9 |    19 |    56 |   110 ||   194
         Morningstar       |       |       |   101 |   436 ||   537
 Invoke: Divine Shield     |       |       |       |     1 ||     1
    Use: Scroll            |     4 |     3 |     9 |    11 ||    27
         Potion            |       |       |     1 |     3 ||     4
 Armour: Scale mail        |    69 |    63 |    69 |       ||   201
         Chain mail        |       |       |   113 |       ||   113
         Plate armour      |       |       |    33 |   371 ||   404
  Dodge: Dodged            |    47 |    39 |   115 |   131 ||   332
  Block: Buckler           |    19 |    24 |   170 |   274 ||   487
         Reflection        |       |       |     9 |    12 ||    21
